 Dungeon Crawl Stone Soup version 0.28.0-43-g3370ac3207 (webtiles) character file.

Game seed: 14779844390905066013

128473 boopmooplesden the Severer (level 16, -9/146 (152) HPs)
             Began as a Minotaur Berserker on Mar 23, 2022.
             Was a High Priest of Trog.
             Mangled by a culicivora simulacrum (20 damage)
             ... on level 1 of the Spider Nest.
             The game lasted 00:54:54 (29464 turns).

boopmooplesden the Severer (Minotaur Berserker)    Turns: 29464, Time: 00:54:55

HP:   -9/146 (152)  AC: 28    Str: 26    XL:     16   Next: 48%
MP:   15/15         EV: 28    Int: 12    God:    Trog [*****.]
Gold: 2774          SH:  9    Dex: 12    Spells: 15/15 levels left

rFire   + . .      SeeInvis .   L - +9 flail "Atsiuh" {venom, Will+ Int+2}
rCold   . . .      Faith    .   o - +3 warlock's mirror {reflect}
rNeg    . . .      Spirit   .   U - +7 scale mail of Sefeilio {Int+4}
rPois   +          Reflect  +   V - +1 hat
rElec   .          Harm     .   K - +2 cloak {rPois}
rCorr   .          Rampage  .   z - +2 pair of gloves
Will    ++...                   h - +1 pair of boots
Stlth   +.........              l - amulet of the acrobat
HPRegen 0.34/turn               c - +4 ring of slaying
MPRegen 0.14/turn               H - ring of protection from fire

@: on berserk cooldown, acrobatic, slowed, lightly drained, very slow
A: horns 2, retaliatory headbutt
a: Renounce Religion, Berserk, Trog's Hand, Brothers in Arms


You were on level 1 of the Spider Nest.
You worshipped Trog.
Trog was extremely pleased with you.
You visited 4 branches of the dungeon, and saw 24 of its levels.
You also visited: Sewer and Ice Cave.

You collected 3609 gold pieces.
You spent 835 gold pieces at shops.

Inventory:

Hand Weapons
 p - a +2 antimagic executioner's axe
 L - the +9 flail "Atsiuh" (weapon) {venom, Will+ Int+2}
   (You found it on level 9 of the Dungeon)

   It poisons the flesh of those it strikes.
   Int:       It affects your intelligence (+2).
   Will:      It increases your willpower.
 T - the +11 battleaxe of Moderation {vorpal, Will+ Str+3 Dex+2}
   (Trog gifted it to you on level 3 of the Lair of Beasts)

   It inflicts extra damage upon your enemies.
   Str:       It affects your strength (+3).
   Dex:       It affects your dexterity (+2).
   Will:      It increases your willpower.
Missiles
 A - 2 throwing nets (quivered)
Armour
 h - a +1 pair of boots (worn)
 o - the +3 warlock's mirror (worn) {reflect}
   (You acquired it on level 4 of the Lair of Beasts)

   It can block and reflect piercing ranged attacks and magical attacks against
   the wielder's willpower.
 z - a +2 pair of gloves (worn)
 K - a +2 cloak of poison resistance (worn)
 R - the +5 chain mail "Okarrup" {Str+5}
   (You bought it in a shop on level 2 of the Orcish Mines)

   Str:       It affects your strength (+5).
 U - the +7 scale mail of Sefeilio (worn) {Int+4}
   (You bought it in a shop on level 2 of the Dungeon)

   Int:       It affects your intelligence (+4).
 V - a +1 hat (worn)
Jewellery
 a - a +6 ring of dexterity
 c - a +4 ring of slaying (left hand)
 j - a ring of positive energy
 l - an amulet of the acrobat (around neck)
 n - a ring of magical power
 v - a ring of positive energy
 G - a ring of positive energy
 H - a ring of protection from fire (right hand)
 M - an amulet of reflection
 P - a ring of flight
 S - a ring of protection from fire
Wands
 b - a wand of mindburst (9)
 q - a wand of flame (58)
 C - a wand of paralysis (9)
 D - a wand of charming (15)
 F - a wand of acid (6)
 I - a wand of iceblast (3)
 O - a wand of polymorph (6)
Scrolls
 e - 2 scrolls of summoning
 i - 9 scrolls of teleportation
 m - a scroll of brand weapon
 r - 3 scrolls of magic mapping
 u - 6 scrolls of identify
 y - 5 scrolls of fog
 E - 4 scrolls of fear
 J - a scroll of acquirement
 Q - 3 scrolls of enchant weapon
 X - a scroll of holy word
Potions
 d - 2 potions of magic
 f - 8 potions of curing
 g - a potion of cancellation {unknown}
 k - 3 potions of berserk rage
 s - 2 potions of mutation
 t - 4 potions of resistance
 w - 2 potions of invisibility
 x - 5 potions of ambrosia
 B - 2 potions of flight
 N - a potion of haste
 Z - 2 potions of might
Miscellaneous
 W - a tin of tremorstones (inert)
 Y - a phial of floods


   Skills:
 + Level 16.6 Fighting
 + Level 18.6(20.8) Axes
 + Level 15.8(19.4) Maces & Flails
 + Level 16.0 Armour
 + Level 8.5 Dodging
 + Level 4.0 Stealth
 + Level 10.0 Shields
 + Level 1.2 Evocations


You had 15 spell levels left.
You didn't know any spells.
Your spell library was empty.

Dungeon Overview and Level Annotations

Branches:
Dungeon (15/15)            Temple (0/1) D:7            Lair (6/6) D:11
  Swamp (0/4) Lair:3       Spider (1/4) Lair:4        Slime (0/5) Lair:5
    Orc (2/2) D:9             Elf (0/3) Orc:2        Vaults (0/5) D:14
  Sewer (visited)           IceCv (visited)
 Depths: D:15

Altars:
Hepliaklqana
Kikubaaqudgha
Makhleb
Nemelex Xobeh
Okawaru
Qazlal
Sif Muna
Uskayaw
Wu Jian
Xom
Yredelemnul
Zin
The Shining One

Shops:
D:2 [   D:4 *   D:5 *   Orc:2 *[*:

Annotations:
Lair:3 2 transporters, Selrock's ghost, journeyman MiMo


Innate Abilities, Weirdness & Mutations

You have a pair of horns on your head.
You reflexively headbutt those who attack you in melee.


Message History

You see here a tarantella corpse.
The culicivora misses you.
A pharaoh ant comes into view.
The culicivora falls through a shaft!
The shaft crumbles and collapses.
The culicivora barely misses you. You furiously retaliate!
You headbutt the culicivora!
The culicivora bites you but does no damage.
You see here a tarantella corpse.
You bludgeon the pharaoh ant!!
The pharaoh ant is almost destroyed.
Your iron troll disappears in a puff of smoke!
The pharaoh ant bites you!!
* * * LOW HITPOINT WARNING * * *
You feel drained.
You bludgeon the pharaoh ant!!
You destroy the pharaoh ant!
Trog accepts your kill.
The pharaoh ant binds the souls of nearby monsters.
The culicivora bites you.
* * * LOW HITPOINT WARNING * * *
The culicivora draws strength from your injuries!
You bludgeon the culicivora!!
The culicivora looks as sick as possible!
The culicivora is almost dead.
The culicivora bites you!
* * * LOW HITPOINT WARNING * * *
The culicivora draws strength from your injuries!
You block the culicivora's attack.
You sock the culicivora!
You kill the culicivora!
Trog accepts your kill.
A freezing mist starts to gather...
A culicivora simulacrum comes into view.
You enter the shallow water.
Moving in this stuff is going to be slow.
A steelbarb worm comes into view.
The culicivora simulacrum bites you.
* * * LOW HITPOINT WARNING * * *
The culicivora simulacrum freezes you!!
You die...

.... #...##
....^#.††?#####
#≈..#.†...#
#....##.#††.†##
#... #≈≈#†#..#
≈.. #..###...#
## #....≈#..≈#
####?..#≈≈#≈##
#.Z@....#####
........##..###
......w.....^#
..##^.##....##
#... ##..(.
#...^ ###...
###. .#.. ..
≈#...


You could see a steelbarb worm and a culicivora simulacrum.

Vanquished Creatures
  A ghost moth (Spider:1)
  Azrael (D:12)
  A fire dragon (D:15)
  6 boulder beetles
  10 hydras
  2 catoblepae
  3 two-headed ogres
  6 centaur warriors
  2 death knights
  12 death yaks
  4 orc high priests
  A pharaoh ant (Spider:1)
  10 skeletal warriors
  An orb spider (Lair:4)
  A phantasmal warrior (D:15)
  2 necromancers
  2 bog bodies (Lair:3)
  2 wizards
  2 lindwurms (Lair:6)
  A deep elf zephyrmancer (D:15)
  Pikel (D:7)
  6 orc knights
  4 orc sorcerers
  6 ugly things
  3 wolf spiders (Spider:1)
  3 manticores (Lair:6)
  3 cyclopes
  17 elephants
  A naga mage (D:15)
  Maurice (D:9)
  2 centaur zombies
  An ice statue (IceCv)
  9 black mambas
  4 torpor snails
  A gargoyle (D:12)
  A centaur skeleton (D:15)
  12 cane toads
  Psyche (D:8)
  9 komodo dragons
  Maggie (D:9)
  17 rime drakes
  6 freezing wraiths
  4 anaconda simulacra (IceCv)
  13 ice devils (IceCv)
  A tengu conjurer (D:14)
  6 trolls
  3 meliai (D:13)
  12 polar bears
  4 tarantellas
  Prince Ribbit (D:7)
  A hornet (D:9)
  18 blink frogs
  A raiju (shapeshifter) (D:14)
  4 raiju (Lair:6)
  10 dream sheep
  5 jumping spiders (Spider:1)
  3 culicivoras
  A spriggan (Lair:3)
  3 wyverns
  3 centaur simulacra
  2 dire elephant simulacra (IceCv)
  3 shadows
  A vampire (D:9)
  2 fire elementals (D:12)
  6 basilisks
  3 wraiths
  42 yaks
  7 redbacks
  14 steam dragons
  A two-headed ogre zombie (D:9)
  3 death yak simulacra (IceCv)
  Menkaure (D:7)
  5 vampire mosquitoes
  3 acid dragons
  A swamp worm (Lair:3)
  14 wargs
  A harpy simulacrum (IceCv)
  16 water moccasins
  Duvessa (D:5)
  A floating eye (shapeshifter) (D:13)
  17 hell hounds
  25 orc warriors
  12 black bears
  A sky beast (D:8)
  7 centaurs
  An ogre (shapeshifter) (D:15)
  28 wolves
  8 ogres
  8 kobold brigands
  2 gnoll sergeants
  3 cane toad simulacra (IceCv)
  12 bullfrogs
  2 scorpions
  A water moccasin zombie (D:5)
  A two-headed ogre simulacrum (IceCv)
  3 troll zombies (D:9)
  Dowan (D:5)
  13 killer bees
  5 elephant simulacra (IceCv)
  4 electric eels
  6 howler monkeys
  2 bullfrog zombies
  20 orc priests
  3 hounds
  13 jellies
  2 gnoll shamans
  An iguana (D:5)
  22 orc wizards
  A spriggan simulacrum (IceCv)
  7 wolf simulacra
  A troll simulacrum (IceCv)
  3 yak simulacra (D:11)
  7 polar bear simulacra
  4 ogre zombies (D:9)
  A hound zombie (D:5)
  A howler monkey zombie (D:10)
  13 adders
  16 gnolls
  A howler monkey skeleton (D:5)
  A naga simulacrum (IceCv)
  2 river rats (Sewer)
  A white imp (IceCv)
  An ufetubus (IceCv)
  2 worms
  4 dart slugs
  70 orcs
  5 bats
  10 endoplasms
  3 giant cockroaches
  4 goblins
  10 hobgoblins
  4 jackals (D:3)
  32 kobolds
  2 quokkas (D:1)
  11 ball pythons
  5 frilled lizards
  2 goblin skeletons (D:9)
  4 goblin zombies (D:9)
  4 hobgoblin zombies (D:9)
  An orc skeleton (D:9)
  14 orc zombies (D:9)
  9 rats
  3 river rat simulacra (D:11)
881 creatures vanquished.

Vanquished Creatures (collateral kills)
  A boulder beetle (Spider:1)
  An orc high priest (Orc:2)
  A steelbarb worm (Spider:1)
  An orc knight (Orc:2)
  2 orc sorcerers (Orc:2)
  A culicivora (Spider:1)
  2 jumping spiders (Spider:1)
  A redback (Spider:1)
  10 orc warriors
  An ogre (Orc:1)
  3 orc priests
  4 orc wizards
  7 orcs
35 creatures vanquished.

Vanquished Creatures (others)
  A fire giant (D:12)
  An adder (D:3)
  A bush (D:7)
  47 fungi
  84 plants
134 creatures vanquished.

Grand Total: 1050 creatures vanquished

Notes
Turn   | Place    | Note
-------+----------+-------------------------------------------
     0 | D:1      | boopmooplesden the Minotaur Berserker began the quest for
                  | the Orb.
     0 | D:1      | Reached XP level 1. HP: 19/19 MP: 0/0
    44 | D:1      | Found a faded altar of an unknown god.
   158 | D:1      | Reached XP level 2. HP: 25/27 MP: 1/1
   195 | D:1      | Reached skill level 4 in Axes
   522 | D:1      | Reached ** piety under Trog
   658 | D:1      | Reached XP level 3. HP: 33/33 MP: 2/2
  1109 | D:2      | Found a stormy altar of Qazlal.
  1231 | D:2      | Reached XP level 4. HP: 35/41 MP: 3/3
  1386 | D:2      | Found Sainubb's Armour Emporium.
  1598 | D:3      | Reached skill level 5 in Axes
  1619 | D:3      | Reached XP level 5. HP: 13/47 MP: 4/4
  1946 | D:3      | Found a glowing drain.
  1955 | Sewer    | Entered a sewer
  2156 | Sewer    | Reached *** piety under Trog
  2234 | Sewer    | Reached skill level 6 in Axes
  2234 | Sewer    | Reached XP level 6. HP: 52/55 MP: 5/5
  2309 | Sewer    | Reached skill level 5 in Fighting
  2426 | D:3      | Found an ancient bone altar of Kikubaaqudgha.
  2595 | D:3      | Found a faded altar of an unknown god.
  2595 | D:3      | Found a hazy altar of Hepliaklqana.
  2601 | D:3      | Found a glowing silver altar of Zin.
  2603 | D:3      | Found a basalt altar of Yredelemnul.
  2605 | D:3      | Found a stormy altar of Qazlal.
  2826 | D:3      | Found an iron altar of Okawaru.
  3023 | D:4      | Reached skill level 5 in Armour
  3023 | D:4      | Reached skill level 1 in Stealth
  3023 | D:4      | Reached XP level 7. HP: 61/61 MP: 6/6
  3192 | D:4      | Found Roip's Gadget Gallery.
  3272 | D:4      | Reached skill level 7 in Axes
  3643 | D:5      | Entered Level 5 of the Dungeon
  3770 | D:5      | Reached skill level 8 in Axes
  3824 | D:5      | Reached **** piety under Trog
  3834 | D:5      | Reached XP level 8. HP: 38/70 MP: 7/7
  4019 | D:5      | Noticed Duvessa
  4019 | D:5      | Noticed Dowan
  4022 | D:5      | Killed Duvessa
  4027 | D:5      | Killed Dowan
  4137 | D:5      | Found Dhurchuj's Desiderata Depot.
  4264 | D:5      | Reached skill level 9 in Axes
  5387 | D:7      | Noticed Pikel
  5393 | D:7      | Killed Pikel
  5394 | D:7      | Reached skill level 10 in Axes
  5394 | D:7      | Reached XP level 9. HP: 78/78 MP: 8/8
  5666 | D:7      | Noticed a two-headed ogre
  5673 | D:7      | Killed a two-headed ogre
  5674 | D:7      | Reached skill level 11 in Axes
  5710 | D:7      | Noticed a troll
  5719 | D:7      | Killed a troll
  5945 | D:7      | Noticed Prince Ribbit
  5967 | D:7      | Killed Prince Ribbit
  6048 | D:7      | Reached skill level 12 in Axes
  6110 | D:7      | Noticed Menkaure
  6118 | D:7      | Killed Menkaure
  6119 | D:7      | Found a staircase to the Ecumenical Temple.
  6458 | D:8      | Reached XP level 10. HP: 88/88 MP: 9/9
  6637 | D:8      | Noticed Psyche
  6640 | D:8      | Killed Psyche
  6693 | D:8      | Reached skill level 10 in Armour
  6697 | D:8      | Reached skill level 5 in Dodging
  7339 | D:9      | Found a staircase to the Orcish Mines.
  7348 | D:9      | Reached skill level 13 in Axes
  7353 | D:9      | Reached ***** piety under Trog
  7494 | D:9      | Noticed Maggie
  7501 | D:9      | Killed Maggie
  7557 | D:9      | Reached XP level 11. HP: 78/97 MP: 10/10
  7580 | D:9      | Reached skill level 14 in Axes
  7784 | D:9      | Noticed Maurice
  7800 | D:9      | Killed Maurice
  7816 | D:9      | Identified the +9 flail "Atsiuh" {venom, Will+ Int+2}
  7939 | D:9      | Found a sparkling altar of Nemelex Xobeh.
  7939 | D:9      | Found a glowing golden altar of the Shining One.
  7939 | D:9      | Found an ornate altar of the Wu Jian Council.
  7939 | D:9      | Found a burning altar of Makhleb.
  7939 | D:9      | Noticed a two-headed ogre
  7947 | D:9      | Reached skill level 10 in Fighting
  7949 | D:9      | Killed a two-headed ogre
  8246 | D:9      | Found a shimmering altar of Xom.
  8246 | D:9      | Found a hide-covered altar of Uskayaw.
  8474 | D:10     | Entered Level 10 of the Dungeon
  9204 | D:10     | Noticed a harpy
  9204 | D:10     | Noticed an orc knight
  9206 | D:10     | Noticed a catoblepas
  9208 | D:10     | Noticed a six-headed hydra
  9209 | D:10     | Noticed a cyan ugly thing
  9210 | D:10     | Noticed a skeletal warrior
 10182 | D:11     | Reached skill level 15 in Axes
 10257 | D:11     | Found a staircase to the Lair.
 10333 | D:11     | Noticed a skeletal warrior
 10348 | Lair:1   | Entered Level 1 of the Lair of Beasts
 10897 | Lair:1   | Noticed a six-headed hydra
 10906 | Lair:1   | Killed a six-headed hydra
 11767 | Lair:2   | Reached skill level 16 in Axes
 11767 | Lair:2   | Reached skill level 1 in Maces & Flails
 11917 | Lair:2   | Reached XP level 12. HP: 103/110 MP: 11/11
 12312 | Lair:2   | Noticed a five-headed hydra
 12321 | Lair:2   | Killed a five-headed hydra
 12322 | Lair:2   | Reached skill level 5 in Maces & Flails
 13572 | Lair:3   | Identified the +11 battleaxe of Moderation {vorpal, Will+
                  | Str+3 Dex+2} (Trog gifted it to you on level 3 of the Lair
                  | of Beasts)
 13572 | Lair:3   | Received a gift from Trog
 13852 | Lair:3   | Found a transporter.
 13866 | Lair:3   | Found a transporter.
 13871 | Lair:3   | Noticed Selrock's ghost (journeyman MiMo)
 13980 | Lair:3   | Found a staircase to the Swamp.
 14307 | Lair:4   | Reached XP level 13. HP: 116/118 MP: 12/12
 14446 | Lair:4   | Found a gate leading to a gauntlet.
 14514 | Lair:4   | Found a frozen archway.
 14534 | Lair:4   | Reached skill level 17 in Axes
 14536 | IceCv    | Entered an ice cave
 14755 | IceCv    | Received a gift from Trog
 15076 | IceCv    | Found an ancient bone altar of Kikubaaqudgha.
 15093 | IceCv    | Reached skill level 10 in Maces & Flails
 15643 | Lair:4   | Reached skill level 18 in Axes
 16053 | Lair:4   | Identified a scroll of acquirement
 16053 | Lair:4   | Acquired the +3 warlock's mirror {reflect}
 16053 | Lair:4   | Found the +3 warlock's mirror {reflect}
 16189 | Lair:4   | Found a hole to the Spider Nest.
 16205 | Lair:4   | Reached XP level 14. HP: 107/130 MP: 13/13
 16479 | Lair:5   | Reached ****** piety under Trog
 16499 | Lair:5   | Received a gift from Trog
 16769 | Lair:5   | Found a shimmering blue altar of Sif Muna.
 16817 | Lair:5   | Reached skill level 1 in Shields
 17128 | Lair:5   | Found a staircase to the Slime Pits.
 17639 | Lair:6   | Entered Level 6 of the Lair of Beasts
 18762 | Lair:6   | Received a gift from Trog
 18872 | Lair:6   | Acquired 580 gold pieces
 19068 | Lair:6   | Reached skill level 15 in Armour
 19732 | Lair:6   | Reached skill level 5 in Shields
 19734 | Lair:6   | Reached XP level 15. HP: 77/139 MP: 14/14
 20759 | D:2      | Bought the +7 scale mail of Sefeilio {Int+4} for 598 gold
                  | pieces
 20950 | D:12     | Noticed a fire giant
 20985 | D:12     | Killed a fire giant
 21142 | D:12     | Reached skill level 15 in Fighting
 21323 | D:12     | Noticed Azrael
 21346 | D:12     | Killed Azrael
 21620 | D:12     | Received a gift from Trog
 22079 | D:13     | You fall into a shaft and drop 2 floors!
 22079 | D:15     | Entered Level 15 of the Dungeon
 24112 | D:14     | Found a gate to the Vaults.
 24229 | D:14     | Reached skill level 1 in Evocations
 24629 | D:14     | Found a blossoming altar of Fedhas.
 24631 | D:14     | Found an ancient bone altar of Kikubaaqudgha.
 24631 | D:14     | Found a hide-covered altar of Uskayaw.
 24633 | D:14     | Found a shimmering altar of Xom.
 24633 | D:14     | Found a hazy altar of Hepliaklqana.
 24633 | D:14     | Found a shimmering blue altar of Sif Muna.
 25317 | D:13     | Reached skill level 15 in Maces & Flails
 25630 | D:13     | Identified the +7 war axe "Wuirehirch" {flame, Dex+4} (Trog
                  | gifted it to you on level 13 of the Dungeon)
 25630 | D:13     | Received a gift from Trog
 26295 | Orc:1    | Entered Level 1 of the Orcish Mines
 26586 | Orc:2    | Entered Level 2 of the Orcish Mines
 26609 | Orc:2    | Reached XP level 16. HP: 150/151 MP: 15/15
 26750 | Orc:2    | Found a staircase to the Elven Halls.
 26786 | Orc:2    | Received a gift from Trog
 27371 | Orc:2    | Found Piafah's Book Shoppe.
 27417 | Orc:2    | Found Xutz's Assorted Antiques.
 27707 | Orc:2    | Found Reatidac's Antique Armour Shop.
 27709 | Orc:2    | Found Kerefynu's General Store.
 27715 | Orc:2    | Bought an encrusted chain mail for 237 gold pieces
 27715 | Orc:2    | Identified the +5 chain mail "Okarrup" {Str+5} (You bought
                  | it in a shop on level 2 of the Orcish Mines)
 28510 | D:11     | Received a gift from Trog
 29268 | Spider:1 | Entered Level 1 of the Spider Nest
 29457 | Spider:1 | Reached skill level 10 in Shields
 29464 | Spider:1 | Mangled by a culicivora simulacrum

Illustrated notes

Levels and vault maps discovered:
D:1:      roderic_crop_circles_arrival_small, layout_loops_ring,
          ebering_ecumenical_altar_sacrificial, minmay_tetromino_o2
D:2:      layout_loops_ring, basic_altar, serial_shops, shop_fountains,
          nrook_loot_triangle, chequers_serial_rivers_room_b,
          minmay_pentomino_pile
D:3:      layout_basic, nicolae_kikubaaqudgha_miasma_corner,
          chequers_temple_overflow_minitemple,
          mainiacjoe_overflow_six_doors_small, portal_sewer_entry_d,
          minmay_misc_feat_cross
D:4:      layout_basic, nicolae_shop_gadgets
D:5:      layout_basic, nicolae_alphabet_shops, grunt_decor_mini_mirrors,
          uniq_duvessa
D:6:      layout_basic, corexii_corridor_pit
D:7:      layout_basic, minmay_temple_entry_offerings,
          chequers_serial_rivers_micro_c, corner_web_ring,
          kb_lookout_dungeons_type, uniq_prince_ribbit1, uniq_pikel,
          uniq_menkaure
D:8:      layout_basic, sigmund_army, uniq_psyche
D:9:      nicolae_cairo_tiling_large, layout_basic, minmay_overflow_temple_hex,
          zombieorc2_lemuel, uniq_maurice, uniq_maggie
D:10:     layout_grid_maze, onia_ninara_dug_in_and_dangerous
D:11:     layout_irregular_city, erik_lair_orcish_takeover,
          eino_house_with_fridge
D:12:     layout_irregular_city, kennysheep_four_rooms, uniq_azrael
D:13:     layout_roguey [special_room_orc]
D:14:     layout_roguey, david_vaults_1, doesnt_xom_only_xom
D:15:     grunt_enter_depths_magical_seal, layout_rooms, serial_park_square3
          [serial_park_minivault_5x5_7]
Lair:1:   layout_hall_layers, chequers_serial_rivers_micro_b, grunt_megastairs_5
Lair:2:   layout_cave_pods, bobbens_dragon_lair_wall
Lair:3:   layout_gridlike, nicolae_swamp_entry_splash_gauntlet,
          gammafunk_ghost_berserking_beasts, forest_entry_grove
Lair:4:   layout_regular_city, nicolae_spider_entry_orb_guardian,
          portal_ice_cave_rime, gauntlet_entry_generic
Lair:5:   layout_regular_city, minmay_slime_entry_jelly_boxes, basic_altar,
          serial_bayou_lagoon_b
Lair:6:   hangedman_lair_caniforms_friends, layout_regular_city,
          hangedman_lair_in_review
Spider:1: layout_spider_delve, uniq_josephine
Orc:1:    layout_caves
Orc:2:    st_orc_elflike, layout_diamond_mine

Skill      XL: |  1  2  3  4  5  6  7  8  9 10 11 12 13 14 15 16 |
---------------+-------------------------------------------------+-----
Axes           | 4 5 6 8 10 12 13 16 18 | 18.6
Fighting       | 4 5 6 7 9 11 12 13 14 15 16 | 16.6
Armour         | 3 4 5 6 8 9 10 11 13 15 16 | 16.0
Dodging        | 3 4 5 6 7 8 |  8.5
Stealth        | 1 2 3 4 |  4.0
Maces & Flails | 1 9 10 13 15 | 15.8
Shields        | 5 8 10 | 10.0
Evocations     | 1 |  1.2

Action                   |  1- 3 |  4- 6 |  7- 9 | 10-12 | 13-15 | 16-18 || total
-------------------------+-------+-------+-------+-------+-------+-------++-------
Melee: Hand axe          |    72 |   107 |   161 |    26 |       |       ||   366
       Headbutt          |    15 |    13 |    32 |    79 |   263 |    63 ||   465
       Punch             |       |     2 |       |     4 |     4 |       ||    10
       War axe           |       |       |       |   160 |       |       ||   160
       Flail             |       |       |       |   127 |   912 |   242 ||  1281
       Battleaxe         |       |       |       |    36 |   119 |       ||   155
Invok: Berserk           |       |     1 |     8 |    10 |    16 |     5 ||    40
       Brothers in Arms  |       |       |       |       |     1 |     5 ||     6
Evoke: Wand              |       |       |       |       |     3 |       ||     3
       Tin of tremorston |       |       |       |       |     3 |     1 ||     4
  Use: Scroll            |       |       |    19 |     6 |    13 |       ||    38
       Potion            |       |       |       |       |     8 |     1 ||     9
 Stab: Distracted        |       |       |       |     1 |       |       ||     1
       Petrified         |       |       |       |       |     8 |       ||     8
Armor: Animal skin       |     3 |       |       |       |       |       ||     3
       Scale mail        |     8 |    33 |    47 |    58 |   187 |   106 ||   439
       Plate armour      |       |       |       |   134 |   454 |       ||   588
Dodge: Dodged            |    35 |    61 |   113 |   275 |   664 |   153 ||  1301
Block: Buckler           |       |       |       |       |   386 |   131 ||   517
       Reflection        |       |       |       |       |    18 |     7 ||    25
